AoeStats
← Creative Curl

Arabia

510648621Analyzed
1v1 RM · 20h ago on Oct 2, 2026· 60m 43s· 2 players
Game mode
Random Map
Map size
Tiny (2 player)
Population
200
Speed
Normal
Resources
Standard
Victory
Conquest
Starting age
Dark Age
Ending age
Imperial Age
RankedLock teamsTeams togetherTeam positionsShared explorationLock speedFull tech treeHidden civsTurbo modeCheats
Victory
Defeat
🇺🇾 Gurjaras · Uruguay
957
+18
🇦🇷 Vikings · Argentina
1009
-18
Creative Curl
3:00 Loom
9:46 Feudal Age
21:36 Scale Barding Armor
22:20 Forging
23:04 Bloodlines
26:16 Castle Age
34:00 Double-Bit Axe
34:08 Gold Mining
34:02 Horse Collar
34:37 Husbandry
35:43 Husbandry
36:45 Fletching
39:29 Iron Casting
38:56 Scale Mail Armor
52:00 Chain Mail Armor
53:14 Kshatriyas
56:50 Imperial Age
57:16 Bow Saw
57:50 Gold Shaft Mining
58:12 Wheelbarrow
57:49 Arson
58:54 Elite Chakram Thrower
61:04 Hand Cart
dufaucristiangaston
6:14 Loom
9:09 Feudal Age
27:43 Castle Age
33:07 Double-Bit Axe
33:57 Scale Mail Armor
39:56 Squires
44:26 Chain Mail Armor
47:04 Gold Mining
46:56 Horse Collar
49:14 Town Watch
51:39 Forging
59:32 Imperial Age
58:15 Heavy Plow
59:30 Stone Mining
Connection lost

Rejoining the realm…

Still unreachable

The connection could not be restored.

Session expired

The server has moved on; the page needs a fresh start.